 Dungeon Crawl Stone Soup version 0.26.0-45-g9c1d065592 (webtiles) character file.

Game seed: 15618376458743533028

(classic levelgen) 2 thiole the Stinger (level 1, 0/11 HPs)
             Began as an Octopode Venom Mage on Jan 31, 2021.
             Slain by a kobold
             ... wielding a +2 short sword of flaming
              (6 damage)
             ... on level 1 of the Dungeon.
             The game lasted 00:01:43 (184 turns).

thiole the Stinger (Octopode Venom Mage)             Turns: 184, Time: 00:01:43

Health: 0/11       AC:  1    Str:  7    XL:     1   Next: 30%
Magic:  0/3        EV: 13    Int: 17    God:
Gold:   16         SH:  0    Dex: 12    Spells: 3/4 levels left

rFire    . . .     SeeInvis .   (no weapon)
rCold    . . .     Faith    .   (no shield)
rNeg     . . .     Spirit   .   (helmet restricted)
rPois    .         Reflect  .   (no amulet)
rElec    .         Harm     .   (no ring)
rCorr    .         Rampage  .   (no ring)
Will     .....                  (no ring)
Stlth    +++.......             (no ring)
HPRegen  0.03/turn              (no ring)
MPRegen  0.08/turn              (no ring)
                                (no ring)
                                (no ring)

@: no status effects
A: almost no armour, stealthy swim, amphibious, 8 rings, constrict 8, camouflage
1, gelatinous body 1
a: no special abilities


You were on level 1 of the Dungeon.
You visited 1 branch of the dungeon, and saw 1 of its levels.

You collected 16 gold pieces.

Inventory:

Missiles
 b - 31 sling bullets
Scrolls
 c - a scroll of fog {unknown}
Potions
 d - a potion of lignification {unknown}


   Skills:
 - Level 2.0 Dodging
 + Level 2.8 Stealth
 - Level 2.0 Spellcasting
 - Level 1.0 Transmutations
 + Level 3.7 Poison Magic


You had 3 spell levels left.
You knew the following spells:

 Your Spells              Type           Power        Failure   Level
a - Sting                 Tmut/Pois      36%          8%          1

Your spell library contained the following spells:

 Spells                   Type           Power        Failure   Level
 Poisonous Vapours        Pois/Air       16%          14%         2
 Ignite Poison            Fire/Tmut/Pois 7%           30%         3
 Mephitic Cloud           Conj/Pois/Air  5%           34%         3
 Olgreb's Toxic Radiance  Pois           14%          38%         4


Dungeon Overview and Level Annotations

Branches:
Dungeon (1/15)

Altars:
The Shining One


Innate Abilities, Weirdness & Mutations

You cannot wear most types of armour.
You are very stealthy in the water. (Stealth+)
You are amphibious.
You can wear up to eight rings at the same time.
You can use your tentacles to constrict eight enemies at once.
Your skin changes colour to match your surroundings (Stealth+).
Your rubbery body absorbs attacks. (AC +1, EV +1)


Message History

Aim: a kobold, wielding a +2 short sword of flaming (40% to evade)
The sting hits the kobold.
The kobold is poisoned.
The kobold is heavily wounded.
Casting: Sting (safe; 8% risk of failure)
Confirm with . or Enter, or press ? or * to list all spells.
Aiming: Sting (safe; 8% risk of failure)
Press: ? - help, Shift-Dir - straight line, f/p - kobold
Aim: a kobold, wielding a +2 short sword of flaming (heavily wounded, poisoned, 40% to evade)
The sting misses the kobold.
Casting: Sting (safe; 8% risk of failure)
Confirm with . or Enter, or press ? or * to list all spells.
Aiming: Sting (safe; 8% risk of failure)
Press: ? - help, Shift-Dir - straight line, f/p - kobold
Aim: a kobold, wielding a +2 short sword of flaming (severely wounded, poisoned, 40% to evade)
The sting hits the kobold but does no damage.
The kobold looks even sicker.
The kobold is severely wounded.
The kobold hits you with a +2 short sword of flaming.
Ouch! That really hurt!
You die...

#.##.##.# #..#
#.##.##.# ....
..##.##.# #..#
#........ #..#
##....... #..###
#.###.#.#
....##### #.#.#
######........
#.#.. #..).(@K.#
#.#.. #.########
#.#.. #.# #>#..
#.# ### #..). #.#
##.#############.
#.#
#.#..............
#.#
##.##############
#.# #.#
#.######.#


You could see a kobold (very poisoned).

Vanquished Creatures
  2 goblins (D:1)
2 creatures vanquished.

Notes
Turn   | Place    | Note
-------+----------+-------------------------------------------
     0 | D:1      | thiole the Octopode Venom Mage began the quest for the Orb.
     0 | D:1      | Reached XP level 1. HP: 11/11 MP: 3/3
    20 | D:1      | Found a glowing golden altar of the Shining One.
   184 | D:1      | Slain by a kobold

Illustrated notes

Levels and vault maps discovered:
D:1:      dpeg_arrival_water_altar, layout_loops_ring

Action                   || total
-------------------------++-------
 Cast: Sting             ||     6
